Capitals vs Flyers

Created - October 20 2010 at 17:28

Goals
1 2 3 T
Capitals 2 1 1 4
Flyers 2 3 1 6
Shots
1 2 3 T
Capitals 9 9 12 30
Flyers 8 19 8 35

Period #1

1. Capitals , Tomas Fleischmann 3 (Matt Cooke, Willie Mitchell) at 7:15
2. Flyers , Lee Stempniak 2 (Kevin Bieksa, Glen Metropolit) at 16:01
3. Capitals , Ryane Clowe 1 (Alexander Semin, Kimmo Timonen) at 17:51 (PP)
4. Flyers , Jochen Hecht 2 (Tim Connolly, Andrej Sekera) at 18:58

Penalties :
Matt Cooke (WSH) for Tripping (Minor) at 0:53, Ryan OByrne (PHI) for Holding (Minor) at 4:08, Matt Cooke (WSH) for Interference (Minor) at 8:53, Jochen Hecht (PHI) for Interference (Minor) at 13:45, Rostislav Klesla (PHI) for Slashing (Minor) at 16:06

Period #2

5. Flyers , Tim Connolly 1 (Justin Williams, Andrei Markov) at 11:58
6. Capitals , Alexander Semin 6 (Matt Stajan, Kimmo Timonen) at 14:22 (PP)
7. Flyers , Chris Pronger 1 (Andrei Markov, Tomas Vokoun) at 17:03 (PP)
8. Flyers , Andrei Markov 1 (Tim Connolly, Jochen Hecht) at 18:36 (PP)

Penalties :
Douglas Murray (WSH) for Delaying the game (Minor) at 1:34, Jochen Hecht (PHI) for Roughing (Minor) at 4:33, Ryane Clowe (WSH) for Charging (Minor) at 7:38, Rostislav Klesla (PHI) for Holding (Minor) at 12:37, Brian Sutherby (WSH) for Slashing (Minor) at 16:51, Steve Eminger (WSH) for Tripping (Minor) at 17:40

Period #3

9. Capitals , Alexander Semin 7 (Matt Stajan, Ryane Clowe) at 8:48
10. Flyers , Tim Connolly 2 (Chris Pronger, Andrei Markov) at 10:41

Penalties :
Jochen Hecht (PHI) for Slashing (Minor) at 0:42, Kyle Brodziak (PHI) for Boarding (Minor) at 3:58, Brendan Morrison (PHI) for Tripping (Minor) at 13:02

Goalie Stats

Mike Smith (WSH), 21 saves from 26 shots - (0.808), L, 1-1-1, 38:36 minutes
Jimmy Howard (WSH), 8 saves from 9 shots - (0.889), 21:24 minutes
Tomas Vokoun (PHI), 26 saves from 30 shots - (0.867), W, 3-2-1, 60:00 minutes

Players Stats

Capitals
Player Name              G  A  P  +/- PIM S  H  SB FO    MP 
------------------------------------------------------------
Alexander Ovechkin       0  0  0   0  0   1  0  0  1/1   7  
Alexander Semin          2  1  3  -1  0   4  0  1  6/10  22 
Alexei Kovalev           0  0  0   0  0   0  0  0  0/0   3  
Boyd Gordon              0  0  0   0  0   1  0  0  10/20 15 
Brian Sutherby           0  0  0  -1  2   0  2  0  2/4   16 
Douglas Murray           0  0  0   0  2   4  3  1  0/0   19 
Jeff Halpern             0  0  0  -1  0   0  0  1  8/18  15 
Kimmo Timonen            0  2  2  -1  0   2  0  3  0/0   24 
Matt Bradley             0  0  0  -1  0   2  0  0  0/0   12 
Matt Cooke               0  1  1   0  4   3  3  0  1/1   18 
Matt Stajan              0  2  2  -1  0   1  0  0  11/23 21 
Mike Green               0  0  0  -1  0   0  0  0  0/0   24 
Ryane Clowe              1  1  2  -1  2   3  3  0  0/0   22 
Shaone Morrisonn         0  0  0  -1  0   3  0  2  0/0   17 
Steve Eminger            0  0  0  -1  2   0  0  1  0/0   11 
Tomas Fleischmann        1  0  1   0  0   5  0  1  7/12  21 
Trent Hunter             0  0  0   0  0   0  0  0  0/0   1  
Willie Mitchell          0  1  1   0  0   1  0  0  0/0   21 
Flyers
Player Name              G  A  P  +/- PIM S  H  SB FO    MP 
------------------------------------------------------------
Alexandre Picard         0  0  0  -1  0   1  1  1  0/1   16 
Andrei Markov            1  3  4   2  0   5  0  0  0/0   19 
Andrej Sekera            0  1  1   1  0   0  0  0  0/1   8  
Brendan Morrison         0  0  0   0  2   2  2  0  10/20 20 
Chris Pronger            1  1  2   2  0   4  0  2  0/0   20 
Glen Metropolit          0  1  1  -1  0   2  0  0  12/18 18 
Jochen Hecht             1  1  2   3  6   3  1  1  0/1   21 
Justin Williams          0  1  1   2  0   0  0  0  0/2   12 
Kevin Bieksa             0  1  1  -1  0   1  1  0  0/0   14 
Kyle Brodziak            0  0  0   1  2   0  0  0  2/6   6  
Lee Stempniak            1  0  1  -1  0   2  4  0  1/1   13 
Mike Mottau              0  0  0   0  0   0  0  2  0/0   21 
Nicklas Lidstrom         0  0  0   0  0   6  0  2  0/0   21 
Niklas Hagman            0  0  0   0  0   1  1  2  6/7   21 
Radim Vrbata             0  0  0   0  0   2  0  0  0/0   14 
Rostislav Klesla         0  0  0   1  4   0  1  0  0/0   6  
Ryan OByrne              0  0  0  -1  2   0  1  0  0/0   13 
Tim Connolly             2  2  4   3  0   6  3  1  12/32 23 

3 Stars

1 - Tim Connolly (PHI)
2 - Andrei Markov (PHI)
3 - Alexander Semin (WSH)

Power Play

Capitals - 2 on 8 Attempt(s) - 25.00%
Flyers - 2 on 6 Attempt(s) - 33.33%

Penalty Kill

Capitals - 4 on 6 Attempt(s) - 66.67% - Score 0 goal in Penalty Kill
Flyers - 6 on 8 Attempt(s) - 75.00% - Score 0 goal in Penalty Kill

Game Notes

Jimmy Howard enters game at 18:36 of 2nd period

Finance

Level 1 -- Attendance: 4928 (75.82%) -- Ticket Income $473,088.00
Level 2 -- Attendance: 4767 (95.34%) -- Ticket Income $257,418.00
Level 3 -- Attendance: 2850 (81.43%) -- Ticket Income $105,450.00
Level 4 -- Attendance: 2510 (71.33%) -- Ticket Income $40,160.00
Luxury Box -- Attendance: 992 (99.20%) -- Ticket Income $190,464.00
Game was played at the Wachovia Center
Total Attendance: 16047 (82.21%)
Total Ticket Income: $1,070,350.00
Other Income: $199,520.40
Total Income: $1,269,870.00


Play by Play

Period #1

0:01 of 1st period - Tim Connolly wins face-off versus Matt Stajan in neutral zone.
0:01 of 1st period - Chris Pronger is hit by Ryane Clowe and loses puck.
0:48 of 1st period - Icing by Jochen Hecht.
0:49 of 1st period - Boyd Gordon wins face-off versus Tim Connolly in Flyers zone.
0:53 of 1st period - Minor Penalty to Matt Cooke for Tripping.
0:54 of 1st period - Tomas Fleischmann wins face-off versus Brendan Morrison in Capitals zone.
0:54 of 1st period - Tomas Fleischmann is hit by Brendan Morrison.
1:27 of 1st period - Shot by Nicklas Lidstrom.
1:27 of 1st period - Shot Blocked by Tomas Fleischmann.
2:01 of 1st period - Shot by Andrei Markov.
2:01 of 1st period - Shot Misses the Net.
2:03 of 1st period - Shot by Andrei Markov.
2:03 of 1st period - Stopped by Mike Smith with a rebound.
2:05 of 1st period - Shot by Andrei Markov.
2:05 of 1st period - Stopped by Mike Smith without a rebound.
2:06 of 1st period - Alexander Semin wins face-off versus Brendan Morrison in Capitals zone.
2:12 of 1st period - Icing by Mike Mottau.
2:13 of 1st period - Tomas Fleischmann wins face-off versus Brendan Morrison in Flyers zone.
3:20 of 1st period - Icing by Matt Bradley.
3:21 of 1st period - Kyle Brodziak wins face-off versus Jeff Halpern in Capitals zone.
3:41 of 1st period - Off-side.
3:42 of 1st period - Glen Metropolit wins face-off versus Boyd Gordon in neutral zone.
4:08 of 1st period - Minor Penalty to Ryan OByrne for Holding.
4:09 of 1st period - Niklas Hagman wins face-off versus Alexander Semin in Flyers zone.
4:31 of 1st period - Shot by Kimmo Timonen.
4:31 of 1st period - Stopped by Tomas Vokoun without a rebound.
4:32 of 1st period - Matt Stajan wins face-off versus Tim Connolly in Flyers zone.
7:15 of 1st period - Shot by Tomas Fleischmann.
7:15 of 1st period - Goal by Tomas Fleischmann - Capitals : 1 - Flyers : 0.
7:16 of 1st period - Matt Stajan wins face-off versus Tim Connolly in neutral zone.
8:52 of 1st period - Shot by Boyd Gordon.
8:52 of 1st period - Shot Misses the Net.
8:53 of 1st period - Minor Penalty to Matt Cooke for Interference.
8:54 of 1st period - Tomas Fleischmann wins face-off versus Brendan Morrison in Capitals zone.
9:19 of 1st period - Willie Mitchell is hit by Brendan Morrison and loses puck.
9:43 of 1st period - Icing by Chris Pronger.
9:44 of 1st period - Tomas Fleischmann wins face-off versus Justin Williams in Flyers zone.
10:27 of 1st period - Shot by Alexandre Picard.
10:27 of 1st period - Stopped by Mike Smith with a rebound.
10:34 of 1st period - Icing by Glen Metropolit.
10:35 of 1st period - Glen Metropolit wins face-off versus Tomas Fleischmann in Flyers zone.
10:42 of 1st period - Shot by Kevin Bieksa.
10:42 of 1st period - Shot Misses the Net.
10:52 of 1st period - Kimmo Timonen is hit by Alexandre Picard and loses puck.
11:54 of 1st period - Mike Mottau is hit by Matt Cooke and loses puck.
13:45 of 1st period - Minor Penalty to Jochen Hecht for Interference.
13:46 of 1st period - Alexander Ovechkin wins face-off versus Andrej Sekera in Flyers zone.
14:13 of 1st period - Shot by Mike Green.
14:13 of 1st period - Shot Misses the Net.
14:15 of 1st period - Shot by Kimmo Timonen.
14:15 of 1st period - Shot Misses the Net.
14:29 of 1st period - Shot by Alexander Ovechkin.
14:29 of 1st period - Shot Misses the Net.
14:33 of 1st period - Shot by Shaone Morrisonn.
14:33 of 1st period - Stopped by Tomas Vokoun without a rebound.
14:34 of 1st period - Brendan Morrison wins face-off versus Alexander Semin in Flyers zone.
15:17 of 1st period - Icing by Douglas Murray.
15:18 of 1st period - Tim Connolly wins face-off versus Alexander Semin in Capitals zone.
15:19 of 1st period - Shot by Nicklas Lidstrom.
15:19 of 1st period - Deflect By Tim Connolly.
15:19 of 1st period - Stopped by Mike Smith without a rebound.
15:20 of 1st period - Tim Connolly wins face-off versus Matt Stajan in Capitals zone.
15:41 of 1st period - Shot by Mike Green.
15:41 of 1st period - Shot Misses the Net.
15:45 of 1st period - Shot by Matt Stajan.
15:45 of 1st period - Shot Misses the Net.
15:53 of 1st period - Shot by Glen Metropolit.
15:53 of 1st period - Shot Misses the Net.
15:55 of 1st period - Shot by Kevin Bieksa.
15:55 of 1st period - Shot Misses the Net.
15:59 of 1st period - Shot by Kevin Bieksa.
15:59 of 1st period - Shot Misses the Net.
16:01 of 1st period - Shot by Lee Stempniak.
16:01 of 1st period - Goal by Lee Stempniak - Capitals : 1 - Flyers : 1.
16:02 of 1st period - Jeff Halpern wins face-off versus Kyle Brodziak in neutral zone.
16:05 of 1st period - Shot by Shaone Morrisonn.
16:05 of 1st period - Stopped by Tomas Vokoun without a rebound.
16:06 of 1st period - Jeff Halpern wins face-off versus Kyle Brodziak in Flyers zone.
16:06 of 1st period - Minor Penalty to Rostislav Klesla for Slashing.
16:07 of 1st period - Matt Stajan wins face-off versus Tim Connolly in Flyers zone.
17:01 of 1st period - Shot by Chris Pronger.
17:01 of 1st period - Stopped by Mike Smith without a rebound.
17:02 of 1st period - Boyd Gordon wins face-off versus Tim Connolly in Capitals zone.
17:17 of 1st period - Shot by Willie Mitchell.
17:17 of 1st period - Stopped by Tomas Vokoun with a rebound.
17:19 of 1st period - Shot by Willie Mitchell.
17:19 of 1st period - Shot Misses the Net.
17:21 of 1st period - Shot by Willie Mitchell.
17:21 of 1st period - Deflect By Alexander Ovechkin.
17:21 of 1st period - Shot Blocked by Tim Connolly.
17:23 of 1st period - Shot by Tomas Fleischmann.
17:23 of 1st period - Deflect By Alexander Ovechkin.
17:23 of 1st period - Shot Misses the Net.
17:25 of 1st period - Shot by Willie Mitchell.
17:25 of 1st period - Shot Misses the Net.
17:29 of 1st period - Shot by Alexander Ovechkin.
17:29 of 1st period - Stopped by Tomas Vokoun without a rebound.
17:30 of 1st period - Niklas Hagman wins face-off versus Matt Stajan in Flyers zone.
17:43 of 1st period - Shot by Kimmo Timonen.
17:43 of 1st period - Shot Blocked by Nicklas Lidstrom.
17:45 of 1st period - Shot by Ryane Clowe.
17:45 of 1st period - Deflect By Matt Stajan.
17:45 of 1st period - Shot Misses the Net.
17:49 of 1st period - Shot by Alexander Semin.
17:49 of 1st period - Shot Misses the Net.
17:51 of 1st period - Shot by Ryane Clowe.
17:51 of 1st period - Goal by Ryane Clowe - Capitals : 2 - Flyers : 1.
17:52 of 1st period - Glen Metropolit wins face-off versus Jeff Halpern in neutral zone.
17:54 of 1st period - Off-side.
17:55 of 1st period - Glen Metropolit wins face-off versus Jeff Halpern in neutral zone.
18:28 of 1st period - Shot by Lee Stempniak.
18:28 of 1st period - Shot Blocked by Shaone Morrisonn.
18:32 of 1st period - Shot by Kevin Bieksa.
18:32 of 1st period - Shot Misses the Net.
18:34 of 1st period - Shot by Glen Metropolit.
18:34 of 1st period - Stopped by Mike Smith without a rebound.
18:35 of 1st period - Tim Connolly wins face-off versus Boyd Gordon in Capitals zone.
18:42 of 1st period - Shot by Douglas Murray.
18:42 of 1st period - Stopped by Tomas Vokoun without a rebound.
18:43 of 1st period - Matt Stajan wins face-off versus Kyle Brodziak in Flyers zone.
18:56 of 1st period - Shot by Tim Connolly.
18:56 of 1st period - Shot Blocked by Kimmo Timonen.
18:58 of 1st period - Shot by Jochen Hecht.
18:58 of 1st period - Goal by Jochen Hecht - Capitals : 2 - Flyers : 2.
18:59 of 1st period - Boyd Gordon wins face-off versus Brendan Morrison in neutral zone.
19:22 of 1st period - Shot by Matt Cooke.
19:22 of 1st period - Stopped by Tomas Vokoun without a rebound.
19:23 of 1st period - Tim Connolly wins face-off versus Brian Sutherby in Flyers zone.

Period #2

0:01 of 2nd period - Matt Stajan wins face-off versus Tim Connolly in neutral zone.
0:44 of 2nd period - Chris Pronger is hit by Ryane Clowe and loses puck.
1:05 of 2nd period - Shot by Boyd Gordon.
1:05 of 2nd period - Deflect By Tomas Fleischmann.
1:05 of 2nd period - Stopped by Tomas Vokoun with a rebound.
1:09 of 2nd period - Shot by Matt Cooke.
1:09 of 2nd period - Stopped by Tomas Vokoun without a rebound.
1:10 of 2nd period - Brendan Morrison wins face-off versus Jeff Halpern in Flyers zone.
1:25 of 2nd period - Shot by Radim Vrbata.
1:25 of 2nd period - Stopped by Mike Smith without a rebound.
1:26 of 2nd period - Glen Metropolit wins face-off versus Boyd Gordon in Capitals zone.
1:34 of 2nd period - Minor Penalty to Douglas Murray for Delaying the game.
1:35 of 2nd period - Brendan Morrison wins face-off versus Tomas Fleischmann in Capitals zone.
1:50 of 2nd period - Shot by Nicklas Lidstrom.
1:50 of 2nd period - Stopped by Mike Smith without a rebound.
1:51 of 2nd period - Alexander Semin wins face-off versus Brendan Morrison in Capitals zone.
2:11 of 2nd period - Shot by Nicklas Lidstrom.
2:11 of 2nd period - Shot Blocked by Kimmo Timonen.
2:13 of 2nd period - Shot by Nicklas Lidstrom.
2:13 of 2nd period - Stopped by Mike Smith with a rebound.
2:15 of 2nd period - Shot by Brendan Morrison.
2:15 of 2nd period - Shot Misses the Net.
2:17 of 2nd period - Shot by Mike Mottau.
2:17 of 2nd period - Shot Misses the Net.
3:47 of 2nd period - Shot by Douglas Murray.
3:47 of 2nd period - Stopped by Tomas Vokoun without a rebound.
3:48 of 2nd period - Boyd Gordon wins face-off versus Glen Metropolit in Flyers zone.
4:33 of 2nd period - Minor Penalty to Jochen Hecht for Roughing.
4:34 of 2nd period - Alexander Semin wins face-off versus Tim Connolly in Flyers zone.
4:37 of 2nd period - Shot by Matt Stajan.
4:37 of 2nd period - Stopped by Tomas Vokoun without a rebound.
4:38 of 2nd period - Tim Connolly wins face-off versus Matt Stajan in Flyers zone.
4:49 of 2nd period - Shot by Mike Green.
4:49 of 2nd period - Shot Misses the Net.
5:24 of 2nd period - Icing by Boyd Gordon.
5:25 of 2nd period - Tim Connolly wins face-off versus Boyd Gordon in Capitals zone.
5:41 of 2nd period - Shot by Tomas Fleischmann.
5:41 of 2nd period - Shot Misses the Net.
6:38 of 2nd period - Shot by Alexei Kovalev.
6:38 of 2nd period - Shot Misses the Net.
6:43 of 2nd period - Icing by Tim Connolly.
6:44 of 2nd period - Jeff Halpern wins face-off versus Kyle Brodziak in Flyers zone.
6:48 of 2nd period - Matt Bradley is hit by Rostislav Klesla and loses puck.
7:03 of 2nd period - Shot by Tim Connolly.
7:03 of 2nd period - Deflect By Jochen Hecht.
7:03 of 2nd period - Stopped by Mike Smith with a rebound.
7:05 of 2nd period - Shot by Jochen Hecht.
7:05 of 2nd period - Shot Misses the Net.
7:09 of 2nd period - Shot by Tim Connolly.
7:09 of 2nd period - Shot Blocked by Steve Eminger.
7:38 of 2nd period - Minor Penalty to Ryane Clowe for Charging.
7:39 of 2nd period - Tomas Fleischmann wins face-off versus Brendan Morrison in Capitals zone.
7:54 of 2nd period - Shot by Radim Vrbata.
7:54 of 2nd period - Stopped by Mike Smith without a rebound.
7:55 of 2nd period - Alexander Semin wins face-off versus Justin Williams in Capitals zone.
8:49 of 2nd period - Shot by Nicklas Lidstrom.
8:49 of 2nd period - Stopped by Mike Smith without a rebound.
8:50 of 2nd period - Brendan Morrison wins face-off versus Tomas Fleischmann in Capitals zone.
8:50 of 2nd period - Mike Mottau is hit by Douglas Murray and loses puck.
9:35 of 2nd period - Shot by Andrei Markov.
9:35 of 2nd period - Shot Blocked by Alexander Semin.
9:37 of 2nd period - Shot by Chris Pronger.
9:37 of 2nd period - Shot Blocked by Kimmo Timonen.
9:40 of 2nd period - Icing by Shaone Morrisonn.
9:41 of 2nd period - Jeff Halpern wins face-off versus Glen Metropolit in Capitals zone.
9:41 of 2nd period - Jeff Halpern is hit by Lee Stempniak.
9:53 of 2nd period - Shot by Kevin Bieksa.
9:53 of 2nd period - Shot Misses the Net.
10:45 of 2nd period - Ryane Clowe is hit by Lee Stempniak and loses puck.
11:58 of 2nd period - Shot by Tim Connolly.
11:58 of 2nd period - Goal by Tim Connolly - Capitals : 2 - Flyers : 3.
11:59 of 2nd period - Brendan Morrison wins face-off versus Boyd Gordon in neutral zone.
12:07 of 2nd period - Niklas Hagman is hit by Douglas Murray.
12:13 of 2nd period - Shot by Willie Mitchell.
12:13 of 2nd period - Shot Misses the Net.
12:27 of 2nd period - Shot by Brendan Morrison.
12:27 of 2nd period - Stopped by Mike Smith with a rebound.
12:29 of 2nd period - Shot by Nicklas Lidstrom.
12:29 of 2nd period - Stopped by Mike Smith without a rebound.
12:30 of 2nd period - Jeff Halpern wins face-off versus Jochen Hecht in Capitals zone.
12:30 of 2nd period - Jeff Halpern is hit by Jochen Hecht.
12:33 of 2nd period - Matt Bradley is hit by Tim Connolly and loses puck.
12:37 of 2nd period - Minor Penalty to Rostislav Klesla for Holding.
12:38 of 2nd period - Boyd Gordon wins face-off versus Tim Connolly in Flyers zone.
13:23 of 2nd period - Shot by Mike Green.
13:23 of 2nd period - Shot Blocked by Nicklas Lidstrom.
13:25 of 2nd period - Shot by Ryane Clowe.
13:25 of 2nd period - Stopped by Tomas Vokoun with a rebound.
13:27 of 2nd period - Shot by Mike Green.
13:27 of 2nd period - Shot Misses the Net.
13:29 of 2nd period - Shot by Mike Green.
13:29 of 2nd period - Shot Blocked by Mike Mottau.
13:31 of 2nd period - Shot by Shaone Morrisonn.
13:31 of 2nd period - Stopped by Tomas Vokoun without a rebound.
13:32 of 2nd period - Niklas Hagman wins face-off versus Brian Sutherby in Flyers zone.
13:54 of 2nd period - Shot by Kimmo Timonen.
13:54 of 2nd period - Shot Misses the Net.
13:56 of 2nd period - Shot by Kimmo Timonen.
13:56 of 2nd period - Stopped by Tomas Vokoun without a rebound.
13:57 of 2nd period - Boyd Gordon wins face-off versus Tim Connolly in Flyers zone.
14:08 of 2nd period - Shot by Tomas Fleischmann.
14:08 of 2nd period - Stopped by Tomas Vokoun without a rebound.
14:09 of 2nd period - Matt Stajan wins face-off versus Tim Connolly in Flyers zone.
14:18 of 2nd period - Shot by Kimmo Timonen.
14:18 of 2nd period - Shot Misses the Net.
14:22 of 2nd period - Shot by Matt Stajan.
14:22 of 2nd period - Deflect By Alexander Semin.
14:22 of 2nd period - Goal by Alexander Semin - Capitals : 3 - Flyers : 3.
14:23 of 2nd period - Glen Metropolit wins face-off versus Jeff Halpern in neutral zone.
14:38 of 2nd period - Icing by Ryan OByrne.
14:39 of 2nd period - Glen Metropolit wins face-off versus Tomas Fleischmann in Flyers zone.
14:44 of 2nd period - Shot by Kevin Bieksa.
14:44 of 2nd period - Stopped by Mike Smith with a rebound.
14:46 of 2nd period - Shot by Glen Metropolit.
14:46 of 2nd period - Stopped by Mike Smith without a rebound.
14:47 of 2nd period - Jeff Halpern wins face-off versus Brendan Morrison in Capitals zone.
15:00 of 2nd period - Shot by Brian Sutherby.
15:00 of 2nd period - Shot Blocked by Niklas Hagman.
15:02 of 2nd period - Shot by Shaone Morrisonn.
15:02 of 2nd period - Shot Misses the Net.
15:10 of 2nd period - Jeff Halpern is hit by Niklas Hagman.
16:51 of 2nd period - Minor Penalty to Brian Sutherby for Slashing.
16:52 of 2nd period - Alexander Semin wins face-off versus Tim Connolly in Capitals zone.
17:03 of 2nd period - Shot by Chris Pronger.
17:03 of 2nd period - Goal by Chris Pronger - Capitals : 3 - Flyers : 4.
17:04 of 2nd period - Lee Stempniak wins face-off versus Jeff Halpern in neutral zone.
17:07 of 2nd period - Jeff Halpern is hit by Lee Stempniak and loses puck.
17:31 of 2nd period - Shot by Glen Metropolit.
17:31 of 2nd period - Shot Blocked by Shaone Morrisonn.
17:33 of 2nd period - Shot by Ryan OByrne.
17:33 of 2nd period - Shot Blocked by Jeff Halpern.
17:40 of 2nd period - Minor Penalty to Steve Eminger for Tripping.
17:41 of 2nd period - Tomas Fleischmann wins face-off versus Tim Connolly in Capitals zone.
17:52 of 2nd period - Shot by Andrei Markov.
17:52 of 2nd period - Stopped by Mike Smith without a rebound.
17:53 of 2nd period - Matt Cooke wins face-off versus Tim Connolly in Capitals zone.
18:04 of 2nd period - Shot by Andrei Markov.
18:04 of 2nd period - Shot Misses the Net.
18:06 of 2nd period - Shot by Chris Pronger.
18:06 of 2nd period - Stopped by Mike Smith without a rebound.
18:07 of 2nd period - Alexander Semin wins face-off versus Tim Connolly in Capitals zone.
18:20 of 2nd period - Shot by Chris Pronger.
18:20 of 2nd period - Stopped by Mike Smith without a rebound.
18:21 of 2nd period - Tim Connolly wins face-off versus Tomas Fleischmann in Capitals zone.
18:32 of 2nd period - Shot by Andrei Markov.
18:32 of 2nd period - Stopped by Mike Smith with a rebound.
18:34 of 2nd period - Shot by Tim Connolly.
18:34 of 2nd period - Stopped by Mike Smith with a rebound.
18:36 of 2nd period - Shot by Andrei Markov.
18:36 of 2nd period - Goal by Andrei Markov - Capitals : 3 - Flyers : 5.
18:36 of 2nd period - Jimmy Howard enters game.
18:37 of 2nd period - Matt Stajan wins face-off versus Glen Metropolit in neutral zone.
18:41 of 2nd period - Mike Green is hit by Ryan OByrne and loses puck.
18:52 of 2nd period - Icing by Glen Metropolit.
18:53 of 2nd period - Jeff Halpern wins face-off versus Alexandre Picard in Flyers zone.
19:38 of 2nd period - Shot by Tim Connolly.
19:38 of 2nd period - Shot Misses the Net.
19:40 of 2nd period - Shot by Jochen Hecht.
19:40 of 2nd period - Deflect By Tim Connolly.
19:40 of 2nd period - Stopped by Jimmy Howard without a rebound.
19:41 of 2nd period - Tim Connolly wins face-off versus Matt Stajan in Capitals zone.

Period #3

0:01 of 3rd period - Matt Stajan wins face-off versus Tim Connolly in neutral zone.
0:01 of 3rd period - Matt Stajan is hit by Tim Connolly.
0:07 of 3rd period - Shot by Ryane Clowe.
0:07 of 3rd period - Shot Blocked by Chris Pronger.
0:11 of 3rd period - Shot by Alexander Semin.
0:11 of 3rd period - Stopped by Tomas Vokoun with a rebound.
0:13 of 3rd period - Shot by Mike Green.
0:13 of 3rd period - Shot Blocked by Chris Pronger.
0:15 of 3rd period - Shot by Matt Stajan.
0:15 of 3rd period - Deflect By Alexander Semin.
0:15 of 3rd period - Stopped by Tomas Vokoun without a rebound.
0:16 of 3rd period - Brendan Morrison wins face-off versus Boyd Gordon in Flyers zone.
0:23 of 3rd period - Shot by Nicklas Lidstrom.
0:23 of 3rd period - Stopped by Jimmy Howard without a rebound.
0:24 of 3rd period - Glen Metropolit wins face-off versus Jeff Halpern in Capitals zone.
0:40 of 3rd period - Icing by Brian Sutherby.
0:41 of 3rd period - Brian Sutherby wins face-off versus Tim Connolly in Capitals zone.
0:41 of 3rd period - Steve Eminger is hit by Tim Connolly and loses puck.
0:42 of 3rd period - Minor Penalty to Jochen Hecht for Slashing.
0:43 of 3rd period - Matt Stajan wins face-off versus Tim Connolly in Flyers zone.
1:43 of 3rd period - Mike Mottau is hit by Matt Cooke and loses puck.
1:48 of 3rd period - Shot by Boyd Gordon.
1:48 of 3rd period - Shot Misses the Net.
1:50 of 3rd period - Shot by Matt Cooke.
1:50 of 3rd period - Shot Misses the Net.
1:52 of 3rd period - Shot by Matt Cooke.
1:52 of 3rd period - Shot Blocked by Niklas Hagman.
1:54 of 3rd period - Shot by Douglas Murray.
1:54 of 3rd period - Shot Misses the Net.
1:56 of 3rd period - Shot by Douglas Murray.
1:56 of 3rd period - Stopped by Tomas Vokoun without a rebound.
1:57 of 3rd period - Boyd Gordon wins face-off versus Tim Connolly in Flyers zone.
1:58 of 3rd period - Shot by Douglas Murray.
1:58 of 3rd period - Shot Misses the Net.
2:02 of 3rd period - Shot by Tomas Fleischmann.
2:02 of 3rd period - Shot Misses the Net.
2:04 of 3rd period - Shot by Douglas Murray.
2:04 of 3rd period - Stopped by Tomas Vokoun without a rebound.
2:05 of 3rd period - Tim Connolly wins face-off versus Matt Stajan in Flyers zone.
2:05 of 3rd period - Tim Connolly is hit by Ryane Clowe.
2:59 of 3rd period - Shot by Matt Bradley.
2:59 of 3rd period - Stopped by Tomas Vokoun without a rebound.
3:00 of 3rd period - Boyd Gordon wins face-off versus Tim Connolly in Flyers zone.
3:07 of 3rd period - Shot by Tomas Fleischmann.
3:07 of 3rd period - Shot Blocked by Jochen Hecht.
3:09 of 3rd period - Shot by Matt Cooke.
3:09 of 3rd period - Shot Misses the Net.
3:11 of 3rd period - Shot by Boyd Gordon.
3:11 of 3rd period - Shot Misses the Net.
3:13 of 3rd period - Shot by Matt Cooke.
3:13 of 3rd period - Shot Misses the Net.
3:15 of 3rd period - Shot by Tomas Fleischmann.
3:15 of 3rd period - Shot Misses the Net.
3:17 of 3rd period - Shot by Matt Cooke.
3:17 of 3rd period - Stopped by Tomas Vokoun without a rebound.
3:18 of 3rd period - Jeff Halpern wins face-off versus Glen Metropolit in Flyers zone.
3:29 of 3rd period - Shot by Matt Bradley.
3:29 of 3rd period - Stopped by Tomas Vokoun without a rebound.
3:30 of 3rd period - Kyle Brodziak wins face-off versus Boyd Gordon in Flyers zone.
3:58 of 3rd period - Minor Penalty to Kyle Brodziak for Boarding.
3:59 of 3rd period - Niklas Hagman wins face-off versus Matt Stajan in Flyers zone.
4:05 of 3rd period - Icing by Kimmo Timonen.
4:06 of 3rd period - Niklas Hagman wins face-off versus Matt Stajan in Capitals zone.
5:23 of 3rd period - Off-side.
5:24 of 3rd period - Tim Connolly wins face-off versus Matt Stajan in neutral zone.
6:20 of 3rd period - Icing by Ryan OByrne.
6:21 of 3rd period - Glen Metropolit wins face-off versus Boyd Gordon in Flyers zone.
6:39 of 3rd period - Shot by Glen Metropolit.
6:39 of 3rd period - Shot Misses the Net.
7:59 of 3rd period - Icing by Jeff Halpern.
8:00 of 3rd period - Brendan Morrison wins face-off versus Jeff Halpern in Capitals zone.
8:07 of 3rd period - Shot by Niklas Hagman.
8:07 of 3rd period - Stopped by Jimmy Howard without a rebound.
8:08 of 3rd period - Matt Stajan wins face-off versus Glen Metropolit in Capitals zone.
8:08 of 3rd period - Matt Stajan is hit by Lee Stempniak.
8:25 of 3rd period - Alexander Semin is hit by Kevin Bieksa and loses puck.
8:48 of 3rd period - Shot by Alexander Semin.
8:48 of 3rd period - Goal by Alexander Semin - Capitals : 4 - Flyers : 5.
8:49 of 3rd period - Brendan Morrison wins face-off versus Jeff Halpern in neutral zone.
8:54 of 3rd period - Shot by Nicklas Lidstrom.
8:54 of 3rd period - Stopped by Jimmy Howard without a rebound.
8:55 of 3rd period - Brendan Morrison wins face-off versus Jeff Halpern in Capitals zone.
9:02 of 3rd period - Shot by Brendan Morrison.
9:02 of 3rd period - Stopped by Jimmy Howard without a rebound.
9:03 of 3rd period - Brian Sutherby wins face-off versus Brendan Morrison in Capitals zone.
9:10 of 3rd period - Mike Mottau is hit by Brian Sutherby and loses puck.
9:38 of 3rd period - Mike Mottau is hit by Brian Sutherby and loses puck.
9:58 of 3rd period - Shot by Tomas Fleischmann.
9:58 of 3rd period - Shot Misses the Net.
10:01 of 3rd period - Icing by Mike Mottau.
10:02 of 3rd period - Boyd Gordon wins face-off versus Brendan Morrison in Flyers zone.
10:08 of 3rd period - Shot by Boyd Gordon.
10:08 of 3rd period - Stopped by Tomas Vokoun without a rebound.
10:09 of 3rd period - Tim Connolly wins face-off versus Boyd Gordon in Flyers zone.
10:16 of 3rd period - Shot by Chris Pronger.
10:16 of 3rd period - Shot Misses the Net.
10:18 of 3rd period - Shot by Jochen Hecht.
10:18 of 3rd period - Shot Blocked by Douglas Murray.
10:20 of 3rd period - Shot by Tim Connolly.
10:20 of 3rd period - Stopped by Jimmy Howard with a rebound.
10:41 of 3rd period - Shot by Tim Connolly.
10:41 of 3rd period - Goal by Tim Connolly - Capitals : 4 - Flyers : 6.
10:42 of 3rd period - Matt Stajan wins face-off versus Glen Metropolit in neutral zone.
12:36 of 3rd period - Shot by Tomas Fleischmann.
12:36 of 3rd period - Stopped by Tomas Vokoun without a rebound.
12:37 of 3rd period - Brendan Morrison wins face-off versus Boyd Gordon in Flyers zone.
12:43 of 3rd period - Nicklas Lidstrom is hit by Douglas Murray.
13:02 of 3rd period - Minor Penalty to Brendan Morrison for Tripping.
13:03 of 3rd period - Tomas Fleischmann wins face-off versus Niklas Hagman in Flyers zone.
13:18 of 3rd period - Shot by Tomas Fleischmann.
13:18 of 3rd period - Stopped by Tomas Vokoun without a rebound.
13:19 of 3rd period - Glen Metropolit wins face-off versus Alexander Semin in Flyers zone.
13:45 of 3rd period - Shot by Jochen Hecht.
13:45 of 3rd period - Stopped by Jimmy Howard without a rebound.
13:46 of 3rd period - Boyd Gordon wins face-off versus Tim Connolly in Capitals zone.
14:16 of 3rd period - Off-side.
14:17 of 3rd period - Niklas Hagman wins face-off versus Matt Stajan in neutral zone.
18:12 of 3rd period - Tim Connolly is hit by Matt Cooke and loses puck.
18:17 of 3rd period - Shot by Tomas Fleischmann.
18:17 of 3rd period - Shot Misses the Net.
18:19 of 3rd period - Shot by Boyd Gordon.
18:19 of 3rd period - Shot Misses the Net.
18:21 of 3rd period - Shot by Tomas Fleischmann.
18:21 of 3rd period - Shot Misses the Net.
18:23 of 3rd period - Shot by Boyd Gordon.
18:23 of 3rd period - Shot Misses the Net.
18:29 of 3rd period - Shot by Tomas Fleischmann.
18:29 of 3rd period - Shot Blocked by Alexandre Picard.
19:01 of 3rd period - Shot by Ryane Clowe.
19:01 of 3rd period - Shot Blocked by Mike Mottau.
19:05 of 3rd period - Shot by Ryane Clowe.
19:05 of 3rd period - Stopped by Tomas Vokoun without a rebound.
19:06 of 3rd period - Glen Metropolit wins face-off versus Matt Stajan in Flyers zone.
19:13 of 3rd period - Shot by Lee Stempniak.
19:13 of 3rd period - Stopped by Jimmy Howard without a rebound.
19:14 of 3rd period - Glen Metropolit wins face-off versus Matt Stajan in Capitals zone.


Output by the SimonT Hockey Simulator (STHS) for Stephane Roy -- Original Page W3C XHTML 1.0 Valid